 Dungeon Crawl Stone Soup version 0.28.0-43-g3370ac3207 (webtiles) character file.

Game seed: 9608491276840989530

670 demenzo the Cudgeller (level 7, -1/44 HPs)
             Began as a Gargoyle Cinder Acolyte on Mar 27, 2022.
             Was a High Priest of Ignis.
             Slain by an orc
             ... wielding a +0 hand axe
              (2 damage)
             ... on level 4 of the Dungeon.
             The game lasted 00:06:53 (4221 turns).

demenzo the Cudgeller (Gargoyle Cinder Acolyte)     Turns: 4221, Time: 00:06:54

Health: -1/44      AC:  8    Str: 18    XL:     7   Next: 58%
Magic:  11/12      EV: 11    Int: 16    God:    Ignis [*****.]
Gold:   228        SH:  0    Dex:  5    Spells: 10/12 levels left

rFire   + . .      SeeInvis .   A - +0 flail (vorpal)
rCold   . . .      Faith    .   (no shield)
rNeg    + . .      Spirit   .   b - +0 robe
rPois   ∞          Reflect  .   k - +0 helmet
rElec   +          Harm     .   (no cloak)
rCorr   .          Rampage  .   g - +0 pair of gloves
Will    .....                   (no boots)
Stlth   +.........              (no amulet)
HPRegen 0.14/turn               c - +4 ring of slaying
MPRegen 0.13/turn               (no ring)

@: mighty
A: sickness immunity, AC +4, negative energy resistance 1, electricity
resistance, torment resistance 1, petrification resistance
a: Renounce Religion, Fiery Armour, Foxfire Swarm, Rising Flame


You were on level 4 of the Dungeon.
You worshipped Ignis.
Ignis was extremely pleased with you.
You visited 1 branch of the dungeon, and saw 4 of its levels.

You collected 228 gold pieces.

Inventory:

Hand Weapons
 a - a -1 mace of flaming
 j - a +0 dagger of draining
 A - a +0 vorpal flail (weapon)
Missiles
 d - 14 arrows
 m - 6 curare-tipped darts (quivered)
 o - 52 stones
 q - 17 bolts
 y - a throwing net
Armour
 b - a +0 robe (worn)
 g - a +0 pair of gloves (worn)
 k - a +0 helmet (worn)
Magical Staves
 f - a staff of conjuration
Jewellery
 c - a +4 ring of slaying (left hand)
 l - a ring of fire
Scrolls
 e - 3 scrolls of teleportation {unknown}
 i - a scroll of fear {unknown}
 s - a scroll of immolation {unknown}
 t - a scroll of amnesia {unknown}
 u - 3 scrolls of enchant armour {unknown}
 v - a scroll of magic mapping {unknown}
 w - 2 scrolls of fog {unknown}
 B - a scroll of identify {unknown}
 C - a scroll of brand weapon {unknown}
Potions
 h - a potion of degeneration {unknown}
 n - a potion of might
 p - a potion of attraction {unknown}
 r - 2 potions of curing {unknown}
 x - 2 potions of heal wounds {unknown}
 z - a potion of brilliance {unknown}


   Skills:
 + Level 5.2 Fighting
 * Level 5.8 Maces & Flails
 + Level 3.3 Spellcasting
 + Level 4.5 Fire Magic


You had 10 spell levels left.
You knew the following spells:

 Your Spells              Type           Power      Damage    Failure   Level
a - Scorch                Fire           34%        2d6       4%          2

Your spell library contained the following spells:

 Spells                   Type           Power      Damage    Failure   Level


Dungeon Overview and Level Annotations

Branches:
Dungeon (4/15)
 Temple: D:4-7

Altars:
Nemelex Xobeh


Innate Abilities, Weirdness & Mutations

You are immune to sickness and miasma.
Your stone body is resilient. (AC +4)
You are immune to poison.
You resist negative energy. (rN+)
You are resistant to electric shocks. (rElec)
You are resistant to unholy torment.
You are immune to petrification.


Message History

The orc misses you.
You closely miss the orc wizard.
The orc wizard is severely wounded.
The orc wizard hits you with a +0 dagger.
The orc misses you.
The orc wizard points at you and mumbles some strange words.
You resist with some effort.
You closely miss the orc wizard.
The orc wizard is severely wounded.
The orc barely misses you.
The orc wizard hits you but does no damage.
Unknown command.
You barely miss the orc wizard.
The orc wizard is severely wounded.
The orc hits you but does no damage.
The orc wizard gestures at you while chanting.
The magic dart hits you.
You hit the orc wizard.
You kill the orc wizard!
The orc hits you with a +0 hand axe. The orc barely misses you.
You hit the orc.
The orc is severely wounded.
The orc hits you with a +0 club.
* * * LOW HITPOINT WARNING * * *
The orc hits you with a +0 hand axe.
* * * LOW HITPOINT WARNING * * *
You hit the orc.
You kill the orc!
The orc closely misses you.
You barely miss the orc. The orc hits you with a +0 hand axe.
* * * LOW HITPOINT WARNING * * *
You closely miss the orc. The orc closely misses you.
You closely miss the orc. You punch the orc.
The orc is lightly wounded.
The orc hits you with a +0 hand axe.
* * * LOW HITPOINT WARNING * * *
It was a potion of might.
You feel very mighty all of a sudden. The orc hits you with a +0 hand axe.
You die...

###### .....# #.##.#
#.##.# #.##.# #.##.#
#.##.# ..##.# ##########
.###.### #.@)......
.......########o########
.>..............#
####.#.##########
#.#.########
#..........#
###.######.# #.# #.# .#
#.# #.# #.#


You could see an orc.

Vanquished Creatures
  Sigmund (D:3)
  A phantom (D:4)
  2 scorpions (D:4)
  2 orc priests (D:4)
  An iguana (D:4)
  Terence (D:3)
  2 orc wizards (D:4)
  2 adders
  6 worms
  2 dart slugs
  8 orcs
  9 bats
  6 endoplasms
  2 giant cockroaches
  5 goblins
  8 hobgoblins
  6 jackals
  9 kobolds
  3 quokkas
  12 ball pythons
  8 frilled lizards
  6 rats
102 creatures vanquished.

Notes
Turn   | Place    | Note
-------+----------+-------------------------------------------
     0 | D:1      | demenzo the Gargoyle Cinder Acolyte began the quest for the
                  | Orb.
     0 | D:1      | Reached XP level 1. HP: 14/14 MP: 2/2
    70 | D:1      | Reached XP level 2. HP: 13/19 MP: 3/3
   505 | D:1      | Learned a level 2 spell: Scorch
   716 | D:1      | Reached XP level 3. HP: 18/23 MP: 5/5
  1232 | D:2      | Found a faded altar of an unknown god.
  1649 | D:2      | Reached XP level 4. HP: 29/29 MP: 6/6
  2023 | D:2      | You fall into a shaft and drop 2 floors!
  2189 | D:3      | Reached XP level 5. HP: 19/33 MP: 8/8
  2518 | D:3      | Noticed Terence
  2528 | D:3      | Killed Terence
  2578 | D:3      | Found a sparkling altar of Nemelex Xobeh.
  2612 | D:3      | Noticed Sigmund
  2628 | D:3      | Killed Sigmund
  2629 | D:3      | Reached XP level 6. HP: 19/39 MP: 8/10
  3292 | D:4      | Reached skill level 5 in Maces & Flails
  3513 | D:4      | Reached XP level 7. HP: 44/44 MP: 11/11
  3819 | D:4      | Reached skill level 5 in Fighting
  4218 | D:4      | HP: 2/44 [orc/+0 hand axe (5)]
  4221 | D:4      | Slain by an orc

Illustrated notes

Levels and vault maps discovered:
D:1:      sevenhm_arrival_forest_fort_small_3, layout_rooms,
          minmay_small_reverse_x
D:2:      layout_loops_ring, hellmonk_ecumenical_altar_prayer_group
D:3:      layout_basic, nemelex_diamond_rough_becter, uniq_sigmund, uniq_terence
D:4:      layout_loops_ring

Skill      XL: |  1  2  3  4  5  6  7 |
---------------+----------------------+-----
Fighting       | 4 5 |  5.2
Maces & Flails | 4 5 |  5.8
Spellcasting   | 2 3 |  3.3
Fire Magic     | 4 |  4.5

Action                   |  1- 3 |  4- 6 |  7- 9 || total
-------------------------+-------+-------+-------++-------
Melee: Mace              |   126 |   110 |    47 ||   283
       Punch             |     1 |     1 |     2 ||     4
       Flail             |       |       |    32 ||    32
Invok: Fiery Armour      |       |     1 |       ||     1
  Use: Potion            |       |       |     1 ||     1
Armor: Robe              |    55 |    41 |    32 ||   128
Dodge: Dodged            |   109 |    61 |    30 ||   200
